 Dungeon Crawl Stone Soup version 0.32-a0-540-g866d13106e (webtiles) character file.

Game seed: 4903664377279507783

2125 cforsyth the Scholar of Death (level 9, 0/121 HPs)
             Began as a Mountain Dwarf Necromancer on Feb 28, 2024.
             Was a Follower of Kikubaaqudgha.
             Slain by a vampire
             ... wielding a +1 vampiric halberd
              (10 damage)
             ... in a bailey on Feb 29, 2024.
             The game lasted 00:23:50 (8974 turns).

cforsyth the Scholar of Death (MDNe)                Turns: 8974, Time: 00:23:50

Health: 0/121      AC: 15    Str: 14    XL:     9   Next: 8%
Magic:  11/11      EV:  3    Int: 17    God:    Kikubaaqudgha [*.....]
Gold:   276        SH:  0    Dex: 10    Spells: 7/11 levels left

rFire   . . .        a - +1 whip (elec)
rCold   + . .        (no shield)
rNeg    . . .        i - +3 plate armour {rC+}
rPois   +            (no helmet)
rElec   .            (no cloak)
rCorr   .            l - +0 pair of gloves
SInv    .            g - +0 pair of boots
Will    .....        (no amulet) Stlth
                     P - ring of poison resistance
HPRegen 0.40/turn    (no ring)
MPRegen 0.12/turn

%: no passive effects
@: confused, berserking, studying Staves, very quick
A: runic magic, artefact enchanting
a: Renounce Religion, Unearth Wretches


You were in a bailey.
You worshipped Kikubaaqudgha.
Kikubaaqudgha was aware of your devotion.
You visited 2 branches of the dungeon, and saw 8 of its levels.
You also visited: Bailey.

You collected 276 gold pieces.


Innate Abilities, Weirdness & Mutations

Your spellcasting is much less encumbered by armour.
You can use scrolls of enchantment on lesser artefacts.


   Skills:
 + Level 7.9 Fighting
 + Level 7.2 Maces & Flails
 - Level 1.3 Dodging
 - Level 1.4 Stealth
 - Level 1.7 Spellcasting
 + Level 9.1 Necromancy


You had 7 spell levels left.
You knew the following spells:

 Your Spells              Type           Power      Damage    Failure   Level
v - Vampiric Draining     Necr           32%        2d8       4%          3
X - Necrotise             Necr           100%       1d9       1%          1

Your spell library contained the following spells:

 Spells                   Type           Power      Damage    Failure   Level
 Fugue of the Fallen      Necr           32%        N/A       4%          3
 Kiss of Death            Conj/Necr      68%        2d10      11%         1
 Animate Dead             Necr           32%        N/A       16%         4
 Cigotuvi's Dreadful Rot  Necr/Alch/Air  22%        N/A       30%         2
 Curse of Agony           Necr           32%        N/A       41%         5
 Foxfire                  Conj/Fire      4%         2x1d4     56%         1
 Summon Small Mammal      Summ           4%         N/A       56%         1
 Ensorcelled Hibernation  Hex/Ice        2%         N/A       71%         2
 Mercury Vapours          Alch/Air       2%         N/A       71%         2
 Anguish                  Hex/Necr       8%         N/A       71%         4
 Call Canine Familiar     Summ           1%         N/A       90%         3
 Mephitic Cloud           Conj/Alch/Air  1%         N/A       90%         3
 Summon Blazeheart Golem  Fire/Summ      1%         N/A       100%        4
 Freezing Cloud           Conj/Ice/Air   0%         6-21      100%        5
 Plasma Beam              Fire/Air       0%         2x1d10    100%        6
 Starburst                Conj/Fire      0%         6d3       100%        6

Inventory:

Hand Weapons
 a - a +1 whip of electrocution (weapon)
Armour
 d - a +0 scale mail
 f - the +4 scale mail of the Devil {rCorr}
   (You found it in a bailey)

   rCorr:     It protects you from acid and corrosion.
 g - a +0 pair of boots (worn)
 i - a +3 plate armour of cold resistance (worn)
 l - a +0 pair of gloves (worn)
 o - a +0 robe
 x - a +2 ring mail of fire resistance
Magical Staves
 y - a staff of fire {!a}
Jewellery
 j - an amulet of guardian spirit
 F - a ring of fire
 P - a ring of poison resistance (left hand)
Wands
 u - a wand of flame (10)
Scrolls
 c - a scroll of acquirement
 q - a scroll of teleportation {@r2}
 s - a scroll of butterflies
Potions
 b - a potion of magic
 e - 2 potions of lignification
 h - a potion of mutation {unknown}
 k - 2 potions of ambrosia
 m - 4 potions of curing {@q1}
 p - 2 potions of brilliance
 t - 3 potions of attraction
 v - 2 potions of haste {unknown}
 A - a potion of might {unknown}

Dungeon Overview and Level Annotations

Branches:
Dungeon (7/15)             Temple (1/1) D:5          Bailey (1/1)

Altars:
Ashenzari
Cheibriados
Dithmenos
Elyvilon
Gozag
Hepliaklqana
Kikubaaqudgha
Makhleb
Nemelex Xobeh
Okawaru
Qazlal
Sif Muna
Trog
Uskayaw
Vehumet
Xom
Yredelemnul
Zin
The Shining One

▒....'...▒▒..▒▒.....ß▒
▒....▒...▒....▒▒▒▒▒▒▒▒▒
▒....▒................▒
▒▒▒▒'▒......▒.......).▒
▒..▒ß....▒▒...▒▒''▒▒▒
▒..▒▒▒▒▒▒▒...▒▒....▒▒
▒..▒ß.......▒▒......▒
▒..▒ß......ß▒.{.▒▒...▒
▒▒▒▒▒▒▒▒▒▒▒▒▒.@▒▒ ▒..▒
▒..▒ ..▒ ▒ß..▒ ß▒
▒▒!!.. ▒▒ ▒▒.!!ß▒ ▒▒▒▒▒


There were no monsters in sight!


Message History

Unknown command.
You hit the vampire but do no damage.
The vampire is moderately damaged.
Unknown command.
You hit the vampire but do no damage.
The vampire is moderately damaged.
The vampire casts a spell at you.
You are confused.
You hit the vampire but do no damage.
The vampire is moderately damaged.
The vampire hits you with a +1 vampiric halberd!
* * * LOW HITPOINT WARNING * * *
The vampire draws strength from your wounds!
The vampire bites you!
* * * LOW HITPOINT WARNING * * *
The vampire draws strength from your injuries!
Unknown command.
A red film seems to cover your vision as you go berserk!
You feel yourself moving faster!
You feel mighty!
The vampire casts a spell.
The vampire flickers and vanishes!
Deactivating autopickup; reactivate with Ctrl-A.
Unknown command.
You closely miss something.
You're too confused to move!
Something hits you!
* * * LOW HITPOINT WARNING * * *
Something bites you!
You die...
Kikubaaqudgha rasps: You have failed me!
Welcome... death!

Skill      XL: |  1  2  3  4  5  6  7  8 |
---------------+-------------------------+-----
Fighting       | 1 2 3 4 5 6 7 |  7.9
Necromancy     | 5 6 7 9 |  9.1
Maces & Flails | 1 3 4 7 |  7.2
Dodging        | |  1.3
Stealth        | |  1.4
Spellcasting   | |  1.7

Action                     |  1- 3 |  4- 6 |  7- 9 || total
---------------------------+-------+-------+-------++-------
  Melee: Unarmed           |    15 |       |       ||    15
         Short sword       |    36 |    45 |       ||    81
         Whip              |       |    90 |   289 ||   379
   Cast: Necrotise         |    47 |    80 |       ||   127
         Vampiric Draining |       |       |     2 ||     2
  Evoke: Wand              |       |       |     9 ||     9
    Use: Scroll            |       |     6 |     5 ||    11
         Potion            |       |       |     3 ||     3
 Armour: Robe              |    42 |    70 |       ||   112
         Scale mail        |       |    21 |    74 ||    95
         Ring mail         |       |    26 |   257 ||   283
         Plate armour      |       |       |    13 ||    13
  Dodge: Dodged            |    36 |   100 |   202 ||   338

Levels and vault maps discovered:
D:1:      scummos_arrival_star, layout_rooms, serial_forest,
          infiniplex_forest_diagonal, infiniplex_forest_lined_corner,
          infiniplex_forest_clump_medium, infiniplex_forest_side_room,
          infiniplex_forest_clump_tiny, infiniplex_forest_end_2,
          infiniplex_forest_clump_medium, kennysheep_another_room
D:2:      layout_basic
D:3:      corexii_shack_village, layout_rooms
D:4:      layout_loops_ring, cheibriados_altar_1, dancing_weapons_uskayaw,
          uniq_ijyb
D:5:      layout_basic, minmay_temple_entry_statues_pillars, minivault_25,
          uniq_sigmund
D:6:      layout_rooms, kennysheep_small_square
D:7:      layout_cave_pools, mainiacjoe_overflow_alcove_1, enter_bailey_2,
          enter_ossuary_1, eino_small_chamber_without_monster
Temple:   bh_familiar_temple
Bailey:   bailey_polearm_vampire_castle_hellmonk, bailey

Notes
Turn   | Place    | Note
-------+----------+-------------------------------------------
     0 | D:1      | cforsyth the Mountain Dwarf Necromancer began the quest for
                  | the Orb.
     0 | D:1      | Reached XP level 1. HP: 14/14 MP: 3/3
   100 | D:1      | Reached skill level 1 in Fighting
   102 | D:1      | Reached XP level 2. HP: 23/23 MP: 0/4
   541 | D:1      | Reached skill level 2 in Fighting
   562 | D:1      | Reached skill level 5 in Necromancy
   562 | D:1      | Reached XP level 3. HP: 22/29 MP: 2/5
   712 | D:1      | You fall into a shaft and drop 1 floor!
  1099 | D:2      | Reached XP level 4. HP: 37/37 MP: 0/6
  1505 | D:2      | Reached skill level 3 in Fighting
  2599 | D:4      | Reached XP level 5. HP: 39/46 MP: 0/7
  2722 | D:4      | Found a snail-covered altar of Cheibriados.
  2779 | D:4      | Reached skill level 6 in Necromancy
  2909 | D:4      | Noticed a phantom
  2956 | D:5      | Entered Level 5 of the Dungeon
  2964 | D:5      | Noticed an ice beast
  3016 | D:4      | Noticed Ijyb
  3164 | D:4      | Reached skill level 4 in Fighting
  3326 | D:4      | Noticed a +0 hand axe
  3326 | D:4      | Noticed a +0 dagger
  3328 | D:4      | Found a hide-covered altar of Uskayaw.
  3669 | D:3      | Reached skill level 1 in Maces & Flails
  3815 | D:4      | Reached XP level 6. HP: 42/52 MP: 8/8
  3923 | D:4      | Reached skill level 2 in Maces & Flails
  4005 | D:4      | Killed Ijyb
  4394 | D:4      | Found a snail-covered altar of Cheibriados.
  4674 | D:4      | Found a hide-covered altar of Uskayaw.
  5095 | D:5      | Reached skill level 5 in Fighting
  5257 | D:4      | Learned a level 3 spell: Vampiric Draining
  5265 | D:5      | Killed an ice beast
  5266 | D:5      | Reached skill level 3 in Maces & Flails
  5266 | D:5      | Reached skill level 7 in Necromancy
  5266 | D:5      | Reached XP level 7. HP: 47/61 MP: 7/9
  5644 | D:5      | Noticed Sigmund
  5665 | D:5      | Killed Sigmund
  5666 | D:5      | Reached skill level 4 in Maces & Flails
  5784 | D:5      | Found a staircase to the Ecumenical Temple.
  5791 | Temple   | Entered the Ecumenical Temple
  5818 | Temple   | Became a worshipper of Kikubaaqudgha
  5889 | D:4      | Found a snail-covered altar of Cheibriados.
  6382 | D:4      | Found a hide-covered altar of Uskayaw.
  6739 | D:4      | Found a snail-covered altar of Cheibriados.
  6863 | D:4      | Found a hide-covered altar of Uskayaw.
  7456 | D:5      | Found a staircase to the Ecumenical Temple.
  7528 | D:6      | Reached skill level 6 in Fighting
  7543 | D:5      | Reached XP level 8. HP: 47/70 MP: 10/10
  7622 | D:6      | Reached skill level 5 in Maces & Flails
  7645 | D:6      | Reached skill level 8 in Necromancy
  7783 | D:6      | Identified the +6 long sword of the Toadstool {freeze,
                  | rPois}
  8404 | D:7      | Identified a scroll of acquirement
  8411 | D:7      | Found a flagged portal.
  8420 | Bailey   | Entered a bailey
  8681 | Bailey   | Reached skill level 7 in Fighting
  8681 | Bailey   | Reached skill level 6 in Maces & Flails
  8703 | Bailey   | Identified the +4 scale mail of the Devil {rCorr}
  8774 | Bailey   | Reached * piety under Kikubaaqudgha
  8774 | Bailey   | Received a gift from Kikubaaqudgha
  8941 | Bailey   | Noticed a gargoyle
  8945 | Bailey   | Killed a gargoyle
  8946 | Bailey   | Reached skill level 7 in Maces & Flails
  8946 | Bailey   | Reached skill level 9 in Necromancy
  8946 | Bailey   | Reached XP level 9. HP: 71/81 MP: 11/11
  8974 | Bailey   | HP: 10/121 [something (8)]
  8974 | Bailey   | Slain by a vampire

Vanquished Creatures
  A gargoyle (Bailey)
  Sigmund (D:5)
  2 ice beasts (D:5)
  An ogre (D:6)
  2 phantoms
  A bullfrog (D:6)
  7 vampire bats (Bailey)
  A howler monkey (D:6)
  5 wolf zombies (Bailey)
  4 hounds
  A gnoll bouda (D:5)
  5 jellies
  A sleepcap (D:5)
  4 iguanas
  Ijyb (D:4)
  4 gnolls
  4 adders (D:2)
  A white imp (D:6)
  2 ufetubi (D:6)
  4 dart slugs
  7 orcs
  11 ball pythons
  4 endoplasms
  3 giant cockroaches
  13 goblins
  6 hobgoblins
  3 jackals (D:2)
  5 quokkas
  7 bats
  3 frilled lizards
  4 kobolds
  20 orc zombies (Bailey)
  3 rats
141 creatures vanquished.

Vanquished Creatures (collateral kills)
  A bat (D:1)
  2 goblins
  A quokka (D:1)
  A ball python (D:1)
  2 kobolds (D:2)
  A rat (D:1)
8 creatures vanquished.

Grand Total: 149 creatures vanquished

Table legend: (Time is in decaauts)
 A = Elapsed time spent in this place.
 B = Non-inter-level travel time spent in this place.
 C = Inter-level travel time spent in this place.
 D = Time resting spent in this place.
 E = Time spent auto-exploring this place.
 F = Levels seen in this place.
 G = Mean time per level.
                   A        B        C        D        E       F      G
               +--------+--------+--------+--------+--------+-----+--------+
         Total |   8941 |   8644 |    297 |    921 |   5853 |   9 |  993.4 |
       Dungeon |   8350 |   8106 |    244 |    795 |   5828 |   7 | 1192.9 |
        Temple |     63 |     10 |     53 |      0 |      0 |   1 |   63.0 |
        Bailey |    527 |    527 |      0 |    126 |     25 |   1 |  527.0 |
               +--------+--------+--------+--------+--------+-----+--------+

Top non-repeatable levels by time:
     D:4: 3211 daAuts
     D:5: 1737 daAuts
     D:3: 1046 daAuts
     D:2: 951 daAuts
     D:1: 711 daAuts
     D:6: 672 daAuts
  Bailey: 527 daAuts
  Temple: 63 daAuts
     D:7: 19 daAuts

Table legend:
 A = Non-vault XP
 B = Vault XP
 C = Vault XP percentage of total XP
 D = Non-vault monster count
 E = Vault monster count
 F = Vault count percentage of total count
                 A         B        C        D         E       F
            +---------+---------+-------+---------+---------+-------
      Total |    1516 |    1521 |  50.1 |     106 |      43 |  28.9
            +---------+---------+-------+---------+---------+-------
        D:1 |      46 |       0 |   0.0 |      24 |       0 |   0.0
        D:2 |      77 |       0 |   0.0 |      19 |       0 |   0.0
        D:3 |      72 |      15 |  17.2 |      21 |       7 |  25.0
        D:4 |     340 |      36 |   9.6 |      17 |       1 |   5.6
        D:5 |     555 |     226 |  28.9 |      13 |       1 |   7.1
        D:6 |     426 |     109 |  20.4 |      12 |       1 |   7.7
     Bailey |       0 |    1135 | 100.0 |       0 |      33 | 100.0
            +---------+---------+-------+---------+---------+-------
